 Dungeon Crawl Stone Soup version 0.20.1-1-g8b1a95d (webtiles) character file.

1481 Charly the Covert (level 8, -5/58 HPs)
             Began as a Spriggan Abyssal Knight on July 21, 2017.
             Was a Follower of Lugonu.
             Killed by divine providence
             ... invoked by an orc priest
              (11 damage)
             ... on level 11 of the Dungeon.
             The game lasted 00:17:53 (1646 turns).

Charly the Covert (Spriggan Abyssal Knight)         Turns: 1646, Time: 00:17:54

Health: -5/58      AC:  3    Str: 13    XL:     8   Next: 50%
Magic:  12/12      EV: 20    Int: 14    God:    Lugonu [*.....]
Gold:   89         SH:  0    Dex: 17    Spells: 7/7 levels left

rFire    . . .     SeeInvis +   d - +2 dagger (drain)
rCold    . . .     Gourm    .   (shield restricted)
rNeg     . . .     Faith    .   b - +1 robe
rPois    .         Spirit   .   (helmet restricted)
rElec    .         Reflect  .   (no cloak)
rCorr    .         Harm     .   (gloves unavailable)
MR       +....                  (boots unavailable)
Stlth    ..........             (no amulet)
Regen    0.2/turn               l - -3 ring of evasion (curse)
MPRegen  0.2/turn               (no ring)

@: berserking, very quick
A: unfitting armour, see invisible, herbivore 3, speed 3, slow metabolism 2
a: Depart the Abyss, Renounce Religion


You were on level 11 of the Dungeon.
You worshipped Lugonu.
Lugonu was aware of your devotion.
You were very full.

You visited 1 branch of the dungeon, and saw 11 of its levels.
You visited the Abyss 1 time.

You collected 89 gold pieces.

Inventory:

Hand Weapons
 a - a +1 short sword
 d - a +2 dagger of draining (weapon)
 p - a +1 dagger of protection
 q - the +7 hunting sling "Tormentor" {velocity, rPois rF+ rN+ Str+3 Int-4, unknown}
   (You acquired it on level 11 of the Dungeon)

   Any stone fired from it inflicts extra damage.
   It affects your strength (+3).
   It affects your intelligence (-4).
   It protects you from fire.
   It protects you from poison.
   It protects you from negative energy.
Missiles
 g - 14 poisoned needles
Armour
 b - a +1 robe (worn)
Jewellery
 l - a cursed -3 ring of evasion (left hand)
Wands
 m - a wand of disintegration (0/24)
Scrolls
 h - a scroll of recharging
Potions
 e - 2 potions of might
 f - 4 potions of curing
 i - 3 potions of cancellation
 j - a potion of haste
 n - a potion of flight
 o - a potion of berserk rage
 r - a potion of heal wounds {unknown}
Comestibles
 c - a bread ration
 k - a royal jelly


   Skills:
 - Level 2.4 Fighting
 + Level 4.0 Short Blades
 - Level 7.5 Dodging
 + Level 12.5 Stealth
 - Level 1.7 Invocations
 + Level 4.1 Evocations


You had 7 spell levels left.
You didn't know any spells.

Dungeon Overview and Level Annotations

Branches:
Dungeon (11/15)               Orc (0/2) D:11
 Temple: D:4-7         Lair: D:8-11

Altars:
Gozag
Kikubaaqudgha

Shops:
D:11 (

Annotations:
D:2 Terence
D:5 Blork the orc


Innate Abilities, Weirdness & Mutations

You are very small and have problems with some larger weapons.
You are too small for most types of armour.
You have supernaturally acute eyesight. (SInv)
You are a herbivore.
You cover ground extremely quickly.
You need consume almost no food.


Message History

Found 23 arrows.
Found a staircase to the Orcish Mines.
A wight, 9 zombies and a skeleton come into view.
The orc priest shouts!
The soldier ant twitches its antennae in your direction.
Okay, then.
The orc wizard shouts!
Drop what? 18/52 slots (_ for help) (? for menu, Esc to quit)
Okay, then.
A red film seems to cover your vision as you go berserk!
You feel yourself moving faster!
You feel mighty! The wight closely misses you.
Unknown command.
You hit the wight.
The wight is moderately damaged.
The wight hits you with a war axe!
* * * LOW HITPOINT WARNING * * *
You hit the wight but do no damage.
The wight is moderately damaged.
The orc priest invokes the aid of Beogh against you.
Beogh smites you!
You die... #o# #....#...#...# .....## #o###.###........# ....## #.## ##........ #.##.# #....z .. #....## #..Z.. #####.###.#..a# ##..># zz#

#.# ###.# #z#
#... #.# #@#
Z..8. #.# #.#
.Z..Z #.####Z#
Z..Z..
#.Y.##.##......
###.##W#.....Z.
##.##YZ....ZZ.
##..##Yo.8.oW>Z
#.#....#.(...Z.
##.Y####...Z...


You could see 2 yaks, a phantom, a soldier ant, 4 wights, an orc priest, 2 orc
zombies and a bullfrog skeleton.

Vanquished Creatures
  A two-headed ogre (D:8)
  A troll (D:9)
  An acid dragon (D:11)
  A sky beast (D:9)
  An ogre (D:11)
  A bullfrog (D:6)
  2 howler monkeys
  A hound (D:10)
  A bullfrog skeleton (D:5)
  2 iguanas
  A worker ant (D:5)
  An orc wizard (D:11)
  3 adders
  An adder zombie (D:9)
  2 orcs
  A giant cockroach (D:5)
  5 hobgoblins
  A quokka (D:4)
  A ball python (D:3)
  A bat (D:3)
29 creatures vanquished.

Vanquished Creatures (collateral kills)
  An orc (D:11)
1 creature vanquished.

Grand Total: 30 creatures vanquished

Notes
Turn   | Place    | Note
-------+----------+-------------------------------------------
     0 | Abyss:1  | Charly the Spriggan Abyssal Knight began the quest for the Orb.
     0 | Abyss:1  | Reached XP level 1. HP: 11/11 MP: 3/3
    61 | Abyss:1  | Noticed a thrashing horror
    96 | Abyss:1  | Noticed an orange demon
   106 | Abyss:1  | Noticed a neqoxec
   107 | D:1      | Escaped the Abyss
   164 | D:1      | Reached skill level 1 in Stealth
   191 | D:2      | Reached skill level 3 in Stealth
   191 | D:2      | Reached XP level 2. HP: 9/16 MP: 4/4
   192 | D:2      | drain
   193 | D:2      | Noticed Terence
   264 | D:3      | Found an ancient bone altar of Kikubaaqudgha.
   311 | D:5      | Entered Level 5 of the Dungeon
   316 | D:4      | Noticed a howler monkey
   342 | D:4      | Killed a howler monkey
   342 | D:4      | Reached skill level 5 in Stealth
   342 | D:4      | Reached XP level 3. HP: 16/19 MP: 5/5
   343 | D:4      | wasted en
   370 | D:5      | Noticed Blork the orc
   429 | D:5      | Reached skill level 6 in Stealth
   429 | D:5      | Reached XP level 4. HP: 13/23 MP: 6/6
   466 | D:5      | Noticed a phantom
   482 | D:6      | Noticed a bullfrog
   482 | D:6      | Noticed a sky beast
   497 | D:5      | Noticed an ogre
   572 | D:4      | Noticed an ogre
   750 | D:5      | Reached * piety under Lugonu
   750 | D:5      | Reached skill level 7 in Stealth
   795 | D:5      | waste re
   866 | D:5      | Noticed an ogre
   989 | D:5      | Reached XP level 5. HP: 18/27 MP: 7/7
  1024 | D:6      | Noticed a black bear
  1045 | D:6      | Reached skill level 8 in Stealth
  1085 | D:7      | Reached skill level 9 in Stealth
  1104 | D:8      | Noticed a two-headed ogre
  1110 | D:8      | Killed a two-headed ogre
  1110 | D:8      | Reached skill level 11 in Stealth
  1110 | D:8      | Reached XP level 6. HP: 13/32 MP: 8/8
  1110 | D:8      | Reached XP level 7. HP: 14/35 MP: 9/9
  1114 | D:8      | Found an opulent altar of Gozag.
  1166 | D:10     | Entered Level 10 of the Dungeon
  1201 | D:9      | Reached skill level 1 in Evocations
  1234 | D:9      | Noticed a two-headed ogre
  1237 | D:9      | Noticed a hungry ghost
  1420 | D:9      | Noticed a troll
  1427 | D:9      | Killed a troll
  1427 | D:9      | Reached XP level 8. HP: 34/39 MP: 9/11
  1459 | D:11     | Reached skill level 12 in Stealth
  1510 | D:10     | You fall through a shaft!
  1524 | D:11     | Noticed a hornet
  1541 | D:11     | Identified a scroll of acquirement
  1542 | D:11     | Got a crude hunting sling
  1548 | D:11     | Found Xuiw Camnopt's Antique Weapon Boutique.
  1559 | D:11     | Noticed a cyclops
  1637 | D:11     | Found a staircase to the Orcish Mines.
  1646 | D:11     | Killed from afar by an orc priest

Skill      XL: |  1  2  3  4  5  6  7  8 |
---------------+-------------------------+-----
Stealth        | 3 5 6 7 11 12 | 12.5
Dodging        | 7 |  7.5
Evocations     | 2 4 |  4.1
Short Blades   | 3 4 |  4.0
Fighting       | |  2.4
Invocations    | |  1.7

Action                   |  1- 3 |  4- 6 |  7- 9 || total
-------------------------+-------+-------+-------++-------
Melee: Dagger            |    37 |    36 |    22 ||    95
Invok: Depart the Abyss  |     1 |       |       ||     1
Evoke: Wand              |       |       |    11 ||    11
  Use: Scroll            |     1 |     5 |     7 ||    13
       Potion            |     1 |       |     1 ||     2
 Stab: Sleeping          |     2 |     4 |     6 ||    12
       Distracted        |       |     1 |       ||     1
  Eat: Royal jelly       |     1 |     2 |       ||     3
Armor: Robe              |     4 |       |     2 ||     6
Dodge: Dodged            |    24 |    29 |    15 ||    68
